[Event "ICC tourney 2569 (40 10)"]
[Site "Internet Chess Club"]
[Date "2021.05.16"]
[Round "4"]
[White "GAMBOA ALVARADO, OLGA LETICIA:Letigam"]
[Black "MARKOVIC, GORAN:Goran21"]
[Result "0-1"]
[ICCResult "White resigns"]
[WhiteElo "2100"]
[BlackElo "1995"]
[Opening "King's Indian: fianchetto, lesser Simagin (Spassky) variation"]
[ECO "E62"]
[NIC "KI.72"]
[Time "17:46:31"]
[TimeControl "2400+10"]

1. d4 Nf6 2. Nf3 g6 3. g3 Bg7 4. Bg2 O-O 5. O-O d6 6. c4 Nc6 7. Nc3 Bf5 8.
Re1 Ne4 9. e3 Nb4 10. Nxe4 Bxe4 11. Re2 Bd3 12. Rd2 Bxc4 13. b3 Bd5 14. Bb2
a5 15. a3 Nc6 16. Rc1 Ra6 17. Ne1 Bxg2 18. Kxg2 e5 19. d5 Ne7 20. Qc2 c6 21.
e4 cxd5 22. exd5 Nf5 23. Nf3 Bh6 24. Qd3 Re8 25. Re1 Bxd2 26. Nxd2 Qg5 27.
Ne4 Qd8 28. Bc1 f6 29. f4 Nd4 30. Rf1 f5 31. Ng5 Qb6 32. fxe5 dxe5 33. b4
Qb5 34. Qxb5 Nxb5 35. Ne6 axb4 36. axb4 Raxe6 37. dxe6 Rxe6 38. Bb2 e4 39.
Rd1 Rd6 40. Rxd6 Nxd6 41. Kf2 Kf7 42. Bd4 Ke6 43. Ke3 Kd5 44. Bc5 g5 45. Ba7
Nc4+ 46. Ke2 f4 47. Bb8 f3+ 48. Kf2 g4 49. Bf4 Kd4 50. Bh6 e3+ 51. Ke1 Kd3
{White resigns}
0-1

[Event "ICC tourney 2569 (40 10)"]
[Site "Internet Chess Club"]
[Date "2021.05.16"]
[Round "4"]
[White "NI, BRANDON:chessbn"]
[Black "REISS, AIDEN:Aidenrchess"]
[Result "0-1"]
[ICCResult "White resigns"]
[WhiteElo "1930"]
[BlackElo "1905"]
[Opening "Queen's pawn: London system"]
[ECO "A45"]
[NIC "QP.07"]
[Time "17:46:31"]
[TimeControl "2400+10"]

1. d4 Nf6 2. Bf4 d5 3. e3 Bf5 4. Nf3 e6 5. Ne5 Bd6 6. Bd3 Bg6 7. Qe2 O-O 8.
Nd2 c5 9. c3 Nc6 10. O-O Qc7 11. Ndf3 Bxd3 12. Qxd3 Ne4 13. Nxc6 bxc6 14.
Bxd6 Qxd6 15. Nd2 f5 16. f3 Nf6 17. Rae1 Rab8 18. b3 Nd7 19. e4 cxd4 20.
Qxd4 c5 21. Qe3 d4 22. cxd4 cxd4 23. Qg5 h6 24. Qh5 Ne5 25. f4 Nd3 26. Nc4
Qc7 27. Rd1 Nxf4 28. Qf3 fxe4 29. Qxe4 d3 30. g3 Ne2+ 31. Kg2 Rxf1 32. Kxf1
Qf7+ 33. Kg2 Nc3 34. Qe5 Qb7+ 35. Kh3 Nxd1 36. Qxe6+ Kh8 37. Nd6 Nf2+ 38.
Kh4 Qb4+ 39. Kh5 Qg4+ 40. Qxg4 Nxg4 41. Nc4 Nf6+ 42. Kg6 Ne4 {White resigns}
0-1

[Event "ICC tourney 2569 (40 10)"]
[Site "Internet Chess Club"]
[Date "2021.05.16"]
[Round "4"]
[White "YE, LUKE SICONG:lukeye"]
[Black "MAZUMDAR, SHAURYA:raremystery"]
[Result "1-0"]
[ICCResult "Black checkmated"]
[WhiteElo "2075"]
[BlackElo "1695"]
[Opening "Four knights: Scotch, 4...exd4"]
[ECO "C47"]
[NIC "SO.03"]
[Time "17:46:35"]
[TimeControl "2400+10"]

1. e4 e5 2. Nf3 Nc6 3. Nc3 Nf6 4. d4 exd4 5. Nxd4 Bb4 6. Nxc6 bxc6 7. Bd3 d5
8. exd5 cxd5 9. O-O O-O 10. Bg5 c6 11. Qf3 Be7 12. Rfe1 h6 13. Bf4 Bd6 14.
h3 Qc7 15. Bxh6 Ne4 16. Nxe4 dxe4 17. Qxe4 f5 18. Qc4+ Kh8 19. Qh4 Bh2+ 20.
Kh1 gxh6 21. Qxh6+ Qh7 22. Qxf8+ Qg8 23. Qh6+ Qh7 24. Re8# {Black
checkmated} 1-0

[Event "ICC tourney 2569 (40 10)"]
[Site "Internet Chess Club"]
[Date "2021.05.16"]
[Round "4"]
[White "KATSMAN, DAVID:davika21"]
[Black "SLADE, THEODORE LUKE:MrNormalName"]
[Result "0-1"]
[ICCResult "White resigns"]
[WhiteElo "1888"]
[BlackElo "2170"]
[Opening "Ruy Lopez: Berlin defense, open variation"]
[ECO "C67"]
[NIC "RL.07"]
[Time "17:46:33"]
[TimeControl "2400+10"]

1. e4 e5 2. Nf3 Nc6 3. Bb5 Nf6 4. O-O Nxe4 5. d4 Nd6 6. Bxc6 dxc6 7. dxe5
Nf5 8. Qxd8+ Kxd8 9. b3 Be7 10. Bb2 Be6 11. Nbd2 Kc8 12. c4 b6 13. Ne4 h6
14. Rad1 Kb7 15. Nd4 Nxd4 16. Bxd4 Rhd8 17. f4 Bf5 18. Ng3 Bg4 19. Rd2 Rxd4
20. Rxd4 Bc5 21. h3 Bxd4+ 22. Kh2 Bd7 23. Rd1 c5 24. Nh5 g6 25. Nf6 Bc6 26.
g4 g5 27. fxg5 Bxe5+ 28. Kg1 hxg5 {White resigns} 0-1

[Event "ICC tourney 2569 (40 10)"]
[Site "Internet Chess Club"]
[Date "2021.05.16"]
[Round "4"]
[White "UDOVENKO, DANIEL ALEXANDER:DanielA1926"]
[Black "CHENG, CLAIRE:Clairehouses"]
[Result "0-1"]
[ICCResult "White resigns"]
[WhiteElo "1778"]
[BlackElo "1777"]
[Opening "QGD: Tartakower (Makagonov-Bondarevsky) system, 8.cd Nxd5"]
[ECO "D59"]
[NIC "QO.10"]
[Time "17:46:34"]
[TimeControl "2400+10"]

1. d4 Nf6 2. Nf3 e6 3. c4 d5 4. Nc3 Be7 5. Bg5 h6 6. Bh4 O-O 7. e3 b6 8.
cxd5 Nxd5 9. Bxe7 Qxe7 10. Nxd5 exd5 11. Be2 Be6 12. O-O c5 13. Rc1 Nd7 14.
b3 Rac8 15. a4 Rfd8 16. Bb5 Nf6 17. Ne5 Qb7 18. Qe2 Qc7 19. Nc6 Rd6 20. Ne5
Rdd8 21. Nc6 Rd6 22. Ne5 Qd8 23. Rc3 Ne4 24. Rc2 Bf5 25. Rfc1 Qe7 26. a5 f6
27. Nd3 Rdd8 28. h3 cxd4 29. Rxc8 Rxc8 30. Rxc8+ Bxc8 31. exd4 Bd7 32. Bxd7
Qxd7 33. f3 Nd6 34. axb6 axb6 35. Nf4 Nb5 36. Qe6+ Qxe6 37. Nxe6 Kf7 38.
Nd8+ Ke7 39. Nc6+ Kd6 40. Na7 Nxa7 {White resigns} 0-1

[Event "ICC tourney 2569 (40 10)"]
[Site "Internet Chess Club"]
[Date "2021.05.16"]
[Round "4"]
[White "Santiago Gonzalez, Frida:fridanavys1"]
[Black "BERKLEY, DARRIN K:drberkley"]
[Result "1-0"]
[ICCResult "Black resigns"]
[WhiteElo "1900"]
[BlackElo "1846"]
[Opening "Réti: King's Indian attack"]
[ECO "A05"]
[NIC "QP.11"]
[Time "17:46:36"]
[TimeControl "2400+10"]

1. Nf3 Nf6 2. g3 g6 3. Bg2 Bg7 4. O-O O-O 5. d3 d6 6. e4 e5 7. Re1 c6 8. Bg5
Qb6 9. Bxf6 Bxf6 10. b3 d5 11. c4 dxe4 12. dxe4 Na6 13. Qe2 Be6 14. Nc3 Rfd8
15. Rad1 Qb4 16. Qc2 Qa3 17. Nb1 Qa5 18. a3 b5 19. b4 Qb6 20. c5 Qc7 21. h3
Qe7 22. Qc3 Bc4 23. Bf1 Bxf1 24. Kxf1 Qe6 25. Kg2 Nc7 26. Rd2 Rxd2 27. Nbxd2
Rd8 28. Nb3 Bg7 29. Na5 f6 30. Re2 Bh6 31. Nd2 Qa2 32. Qb3+ Qxb3 33. Ndxb3
Rd3 34. Rb2 Ne6 35. Nxc6 a6 36. Ne7+ Kf7 37. Nd5 Ng5 38. c6 Nxe4 39. Nc5
Rxd5 40. Nxe4 Ke7 41. c7 Kd7 42. Nxf6+ {Black resigns} 1-0

[Event "ICC tourney 2569 (40 10)"]
[Site "Internet Chess Club"]
[Date "2021.05.16"]
[Round "4"]
[White "LIANG, ETHAN Y:ELCCEthan488"]
[Black "WANG, ALEXANDER J:ickyquarter"]
[Result "1-0"]
[ICCResult "Black resigns"]
[WhiteElo "1779"]
[BlackElo "2050"]
[Opening "QGD: Tarrasch defense"]
[ECO "D32"]
[NIC "TD.10"]
[Time "17:46:34"]
[TimeControl "2400+10"]

1. d4 d5 2. c4 e6 3. Nc3 c5 4. Nf3 Nc6 5. a3 Nf6 6. dxc5 Bxc5 7. b4 Bb6 8.
c5 Bc7 9. e3 O-O 10. Bb5 Ne5 11. Bb2 Nxf3+ 12. Qxf3 Bd7 13. Bxd7 Nxd7 14.
O-O Ne5 15. Qe2 Nc4 16. Bc1 Be5 17. Bd2 Qf6 18. Rfc1 a5 19. f4 Bc7 20. g3
axb4 21. axb4 Rfd8 22. Rxa8 Rxa8 23. Nb5 Ra2 24. Bc3 Rxe2 25. Bxf6 gxf6 26.
Nxc7 Rxe3 27. f5 d4 28. Rxc4 d3 29. Rd4 e5 30. Rd8+ Kg7 31. Nd5 Re1+ 32. Kf2
Re2+ 33. Kf1 e4 34. Nc3 Re3 35. Kf2 Rf3+ 36. Ke1 Rxf5 37. Kd2 Rf2+ 38. Ke3
Rxh2 39. Nxe4 Rb2 40. Rd4 Rb3 41. Nd2 Rb2 42. Kxd3 Kf8 43. Kc3 Ra2 44. Rd7
h5 45. Rxb7 Ra3+ 46. Nb3 f5 47. c6 Ke8 48. Rb8+ Ke7 49. c7 {Black resigns}
1-0

[Event "ICC tourney 2569 (40 10)"]
[Site "Internet Chess Club"]
[Date "2021.05.16"]
[Round "4"]
[White "SHEEHAN, ETHAN THOMAS:Chessking2008"]
[Black "JIMENEZ GARCIA, EMMANUEL:emmanueljimenez"]
[Result "1-0"]
[ICCResult "Black resigns"]
[WhiteElo "2192"]
[BlackElo "2447"]
[Opening "English: Sicilian reversed"]
[ECO "A25"]
[NIC "EO.20"]
[Time "17:46:28"]
[TimeControl "2400+10"]

1. c4 Nc6 2. Nc3 e5 3. g3 f5 4. Bg2 Nf6 5. a3 g6 6. e3 Bg7 7. Nge2 O-O 8.
O-O d6 9. d4 Qe8 10. b4 Qf7 11. Nd5 e4 12. Nxf6+ Bxf6 13. c5 d5 14. b5 Na5
15. Qc2 Nc4 16. Rb1 a6 17. a4 axb5 18. axb5 g5 19. Rd1 Be6 20. Nc3 b6 21.
Bf1 bxc5 22. dxc5 Ne5 23. Bg2 Nf3+ 24. Bxf3 exf3 25. Bb2 f4 26. exf4 gxf4
27. Qd3 Qh5 28. b6 c6 29. Ra1 fxg3 30. hxg3 Rxa1 31. Rxa1 Bh3 32. Nxd5 Bxb2
33. Nf4 Qf7 34. Ra7 Bf5 35. Rxf7 {Black resigns} 1-0

[Event "ICC tourney 2569 (40 10)"]
[Site "Internet Chess Club"]
[Date "2021.05.16"]
[Round "4"]
[White "HEBDEN, MARK L:mhebden"]
[Black "HERNANDEZ ALVAREZ, TANIA REGLA:reynaajedrez"]
[Result "1-0"]
[ICCResult "Black resigns"]
[WhiteElo "2503"]
[BlackElo "2200"]
[Opening "Queen's pawn game"]
[ECO "D02"]
[NIC "QP.08"]
[Time "17:46:25"]
[TimeControl "2400+10"]

1. d4 d5 2. Nf3 e6 3. c4 a6 4. e3 Nf6 5. b3 dxc4 6. bxc4 b6 7. Bd3 Bb7 8.
O-O Nbd7 9. Bb2 Be7 10. Qe2 c5 11. Nc3 O-O 12. Rad1 cxd4 13. exd4 Qc7 14.
Rfe1 Rfe8 15. Ne5 Nxe5 16. dxe5 Nd7 17. Bb1 Rac8 18. Rd4 Nf8 19. h4 Red8 20.
Rg4 h5 21. Rf4 g6 22. Ne4 Nh7 23. Nd6 Bxd6 24. exd6 Qxd6 25. Qe3 Re8 26. Rd4
Qe7 27. Qg3 Nf8 28. Rf4 Qb4 29. Bc3 Qd6 30. Rxf7 Qxg3 31. Rg7+ Kh8 32. fxg3
Rxc4 33. Be5 Bc6 34. Rxg6+ Kh7 35. Rg5+ {Black resigns} 1-0

[Event "ICC tourney 2569 (40 10)"]
[Site "Internet Chess Club"]
[Date "2021.05.16"]
[Round "4"]
[White "LEE, ALICE TERESA:binomialfactor"]
[Black "CHAVES SANCHEZ, GABRIEL A:Gagri"]
[Result "0-1"]
[ICCResult "White resigns"]
[WhiteElo "2173"]
[BlackElo "2306"]
[Opening "Bogo-Indian defense"]
[ECO "E11"]
[NIC "QI.01"]
[Time "17:46:32"]
[TimeControl "2400+10"]

1. d4 Nf6 2. c4 e6 3. Nf3 Bb4+ 4. Bd2 a5 5. e3 b6 6. Bd3 Bb7 7. Nc3 O-O 8.
O-O d6 9. a3 Bxc3 10. Bxc3 Ne4 11. Re1 Nd7 12. Qc2 Nxc3 13. bxc3 Bxf3 14.
gxf3 h6 15. Kh1 a4 16. Rg1 Qf6 17. Rg3 Kh8 18. Rag1 g6 19. f4 Rg8 20. Qe2
Ra5 21. Qg4 Nf8 22. e4 e5 23. fxe5 dxe5 24. Rf3 Qg7 25. d5 f5 26. exf5 gxf5
27. Qxg7+ Rxg7 28. Bxf5 Rxg1+ 29. Kxg1 Rc5 30. Be6 Ng6 31. Rf7 Nf4 32. Re7
Rxc4 33. d6 Rxc3 34. Rxc7 Rd3 35. Bc4 Rxd6 36. h4 Rd1+ 37. Kh2 Rc1 38. Rc6
Kg7 39. Bb5 Rxc6 40. Bxc6 Nd3 41. Bxa4 Nxf2 42. Kg3 Nd3 43. Bc2 e4 44. Bxd3
exd3 45. Kf3 Kg6 46. Ke3 Kh5 47. Kxd3 Kxh4 48. Kc4 Kg5 49. Kb5 h5 50. Kxb6
h4 51. a4 h3 52. a5 h2 53. Ka7 h1=Q 54. a6 Qc6 55. Kb8 Qxa6 {White resigns}
0-1

[Event "ICC tourney 2569 (40 10)"]
[Site "Internet Chess Club"]
[Date "2021.05.16"]
[Round "4"]
[White "HU, ALEXANDER C:ahu1015"]
[Black "Higgins, Sean M:higg1921"]
[Result "0-1"]
[ICCResult "White resigns"]
[WhiteElo "2023"]
[BlackElo "1417"]
[Opening "Scandinavian defense"]
[ECO "B01"]
[NIC "SD.01"]
[Time "17:46:25"]
[TimeControl "2400+10"]

1. e4 d5 2. exd5 Qxd5 3. Nc3 Qa5 4. d4 Nf6 5. Nf3 Bf5 6. Bc4 c6 7. O-O Nbd7
8. Re1 e6 9. Ne5 Nxe5 10. Rxe5 Qc7 11. h3 Bd6 12. Re1 O-O 13. Bg5 Be7 14.
Qe2 Qb6 15. Qd2 Qxb2 16. Rab1 Qxc2 17. Qe3 Nd5 18. Nxd5 Bxg5 19. Qxg5 cxd5
20. Rbc1 Qa4 21. Bxd5 h6 22. Qf4 exd5 23. Qxf5 Qxa2 24. Rc7 b5 25. Ree7 Qa1+
26. Kh2 Qxd4 27. Rxf7 Rxf7 28. Qxf7+ Kh8 29. Rd7 Qe5+ 30. g3 d4 31. Rxa7
Rxa7 32. Qxa7 Kh7 33. Qd7 b4 34. Qb7 Qf5 35. Kg2 Qb1 36. g4 b3 37. g5 b2 38.
Kh2 Qc2 39. gxh6 Qxf2+ 40. Kh1 Kxh6 41. Qb6+ Kh7 {White resigns} 0-1

[Event "ICC tourney 2569 (40 10)"]
[Site "Internet Chess Club"]
[Date "2021.05.16"]
[Round "4"]
[White "PARK, EVAN:espark"]
[Black "Vittal, Sanjana:MCTS13"]
[Result "1-0"]
[ICCResult "Black resigns"]
[WhiteElo "2322"]
[BlackElo "2190"]
[Opening "Ruy Lopez: fianchetto defense deferred"]
[ECO "C70"]
[NIC "RL.09"]
[Time "17:46:33"]
[TimeControl "2400+10"]

1. e4 e5 2. Nf3 Nc6 3. Bb5 a6 4. Ba4 g6 5. c3 Bg7 6. d4 b5 7. Bc2 d6 8. O-O
Nge7 9. Be3 O-O 10. Nbd2 exd4 11. cxd4 f5 12. Bb3+ Kh8 13. exf5 Bxf5 14. a3
Qd7 15. Re1 Rae8 16. h3 Qc8 17. Rc1 Bd7 18. d5 Ne5 19. Nxe5 Bxe5 20. Nf3
Bxb2 21. Bd4+ Bxd4 22. Qxd4+ Kg8 23. Qa7 Bxh3 24. Ng5 Bxg2 25. Ne6 c5 26.
dxc6 Rf7 27. Kxg2 d5 28. Qd7 Qa8 29. Nc7 Qa7 30. Qxe8+ Rf8 31. Qxf8+ Kxf8
32. Rxe7 Kxe7 33. Nxd5+ Kd6 34. c7 Qd4 35. c8=Q Qe4+ 36. Kg1 {Black resigns}
1-0

[Event "ICC tourney 2569 (40 10)"]
[Site "Internet Chess Club"]
[Date "2021.05.16"]
[Round "4"]
[White "CHONG, JOSHUA ETHAN:Joshua1"]
[Black "RAMIREZ GONZALEZ, MARIA JOSE:Merry20"]
[Result "1/2-1/2"]
[ICCResult "Game drawn by repetition"]
[WhiteElo "1846"]
[BlackElo "2000"]
[Opening "QGD: Chigorin defense"]
[ECO "D07"]
[NIC "QP.08"]
[Time "17:46:32"]
[TimeControl "2400+10"]

1. d4 d5 2. c4 Nc6 3. Nc3 e6 4. cxd5 exd5 5. Bf4 Nf6 6. e3 Bb4 7. Bd3 Bg4 8.
f3 Bh5 9. Ne2 O-O 10. O-O Re8 11. Ng3 Bg6 12. a3 Bd6 13. Bxd6 Qxd6 14. Re1
a6 15. Bxg6 hxg6 16. Qd3 b5 17. b4 Nd7 18. Rad1 Nb6 19. e4 dxe4 20. fxe4
Rad8 21. d5 Ne5 22. Qd4 Nbc4 23. a4 Nc6 24. Qc5 Nxb4 25. Qxd6 Nxd6 26. e5
Nc4 27. axb5 axb5 28. Nxb5 Nxd5 29. e6 fxe6 30. Rc1 Nb2 31. Nxc7 Re7 32.
Nxd5 Rxd5 33. Rc6 Rd1 34. Rxd1 Nxd1 35. Kf1 Ne3+ 36. Kf2 Ng4+ 37. Kg1 Kh7
38. h3 Ne5 39. Rd6 Nc4 40. Rc6 Ne5 41. Rd6 Kh6 42. Ne4 Nf7 43. Ra6 Ng5 44.
Nxg5 Kxg5 45. Kf2 e5 46. Ra4 Kf5 47. Ke3 Rb7 48. g4+ Kg5 49. Ke4 Rb3 50.
Kxe5 Rxh3 51. Ra7 Re3+ 52. Kd4 Rg3 53. Rxg7 Rxg4+ 54. Ke3 Kf6 55. Ra7 g5 56.
Kf3 Rf4+ 57. Kg3 Re4 58. Ra6+ Kf5 59. Ra5+ Kg6 60. Ra6+ Kh5 61. Ra3 Rg4+ 62.
Kh3 Rb4 63. Kg3 Re4 64. Rb3 Kg6 65. Rb6+ Kf5 66. Rb5+ Kg6 67. Rb6+ Kh5 68.
Rb3 g4 69. Rb5+ Kg6 70. Rb6+ Kg5 71. Rb5+ Kf6 72. Rb6+ Kf5 73. Rb5+ Kg6 74.
Rb6+ Kf5 75. Rb5+ Kg6 76. Rb6+ Kf5 77. Rb5+ Kg6 {Game drawn by repetition}
1/2-1/2

[Event "ICC tourney 2569 (40 10)"]
[Site "Internet Chess Club"]
[Date "2021.05.16"]
[Round "4"]
[White "DURAN VEGA, SERGIO:SD19"]
[Black "BELOUS, VLADIMIR:Openyagami"]
[Result "1/2-1/2"]
[ICCResult "Game drawn because neither player has mating material"]
[WhiteElo "2464"]
[BlackElo "2602"]
[Opening "Sicilian: Nimzovich-Rossolimo attack (with ...g6, without ...d6)"]
[ECO "B31"]
[NIC "SI.31"]
[Time "17:46:32"]
[TimeControl "2400+10"]

1. e4 c5 2. Nf3 Nc6 3. Bb5 g6 4. O-O Bg7 5. Re1 Nf6 6. c3 O-O 7. d4 Qb6 8.
a4 a6 9. Bxc6 bxc6 10. a5 Qa7 11. e5 Nd5 12. dxc5 Qxc5 13. Nbd2 Qa7 14. Ra4
Qb8 15. Rh4 f5 16. Nc4 Qb5 17. Qd3 f4 18. Rxh7 Kxh7 19. Ng5+ Kg8 20. Qxg6
Nf6 21. exf6 Rxf6 22. Qh7+ Kf8 23. Ne5 d6 24. Ng6+ Rxg6 25. Qxg6 Qf5 26.
Qxf5+ Bxf5 27. Bxf4 Rb8 28. Bc1 Rb5 29. Ne6+ Bxe6 30. Rxe6 Be5 31. f4 Kf7
32. Rh6 Bf6 33. Rh3 Rxa5 34. Rf3 Ra1 35. Rf1 a5 36. Kf2 a4 37. Ke2 a3 38.
bxa3 Bxc3 39. h4 c5 40. f5 c4 41. Rd1 d5 42. Bg5 Ra2+ 43. Kf3 d4 44. h5 Rxa3
45. Ke4 d3 46. h6 Ra2 47. g4 Rg2 48. Kf3 Rh2 49. Bf4 Ra2 50. g5 e6 51. g6+
Kf6 52. g7 Ra8 53. Rg1 Kxf5 54. g8=Q Rxg8 55. Rxg8 e5 56. h7 exf4 57. Rc8 d2
58. Ke2 f3+ 59. Kd1 f2 60. Rf8+ Kg6 61. Rxf2 Kxh7 62. Rf4 Bg7 63. Rxc4 Bh6
64. Rh4 Kg6 65. Rxh6+ Kxh6 66. Kxd2
{Game drawn because neither player has mating material}
1/2-1/2

[Event "ICC tourney 2569 (40 10)"]
[Site "Internet Chess Club"]
[Date "2021.05.16"]
[Round "4"]
[White "HU, MERRIC:edmehu"]
[Black "IVANOV, ALEXANDER:marble"]
[Result "1-0"]
[ICCResult "Black resigns"]
[WhiteElo "2169"]
[BlackElo "2494"]
[Opening "Robatsch defense: two knights, Suttles variation"]
[ECO "B06"]
[NIC "KF.05"]
[Time "17:46:28"]
[TimeControl "2400+10"]

1. e4 g6 2. d4 Bg7 3. Nf3 d6 4. Nc3 c6 5. Bd3 Bg4 6. Be3 Qb6 7. a3 Bxf3 8.
gxf3 e6 9. f4 d5 10. e5 Nd7 11. Ke2 Ne7 12. b4 Qc7 13. Nb1 O-O 14. h4 f6 15.
c3 fxe5 16. fxe5 Nf5 17. h5 g5 18. h6 Nxe3 19. fxe3 Bxe5 20. dxe5 Nxe5 21.
Qg1 g4 22. Nd2 a5 23. Qg3 Rf7 24. Rh5 Nxd3 25. Rg5+ Kh8 26. Qxc7 Rxc7 27.
Kxd3 axb4 28. cxb4 e5 29. Rxg4 c5 30. b5 e4+ 31. Kc3 Rf8 32. Rag1 Rd7 33.
Rg7 Rfd8 34. Rxd7 Rxd7 35. Nb3 b6 36. a4 Rd6 37. Rg5 Rxh6 38. Rxd5 Rh3 39.
Rd6 Rxe3+ 40. Kc4 Re2 41. Rxb6 Rc2+ 42. Kd5 e3 43. Re6 Rd2+ 44. Kxc5
{Black resigns}
1-0

[Event "ICC tourney 2569 (40 10)"]
[Site "Internet Chess Club"]
[Date "2021.05.16"]
[Round "4"]
[White "TRANDAFIR, STEFAN:trandaferrari"]
[Black "REMPE, MIEKE:MChessy"]
[Result "1-0"]
[ICCResult "Black resigns"]
[WhiteElo "1958"]
[BlackElo "1900"]
[Opening "Caro-Kann: Steinitz variation"]
[ECO "B17"]
[NIC "CK.05"]
[Time "17:46:24"]
[TimeControl "2400+10"]

1. e4 c6 2. d4 d5 3. Nc3 dxe4 4. Nxe4 Nd7 5. Ng5 Ngf6 6. Bd3 e6 7. N1f3 Bd6
8. O-O h6 9. Ne4 Nxe4 10. Bxe4 O-O 11. c4 Qf6 12. Re1 e5 13. Be3 Re8 14. Qd2
a5 15. c5 Bc7 16. b3 Rd8 17. Qc3 Re8 18. Kh1 Qe6 19. dxe5 Nxe5 20. Bd4 f6
21. Bg6 Re7 22. Re2 Qg4 23. Bc2 Re6 24. Re4 Qh5 25. Rh4 Qe8 26. Bxe5 Bxe5
27. Nxe5 Rxe5 28. Rd1 Qe7 29. Rhd4 Be6 30. Rd6 Bd5 31. h3 Re2 32. Kg1 b6 33.
Qd3 Re1+ 34. Rxe1 Qxe1+ 35. Kh2 Qe5+ 36. g3 Kf7 37. Rd7+ Ke8 38. Rxg7 Qe1
39. Qg6+ Kd8 40. Qxf6+ Kc8 41. Qf8+ {Black resigns} 1-0

[Event "ICC tourney 2569 (40 10)"]
[Site "Internet Chess Club"]
[Date "2021.05.16"]
[Round "4"]
[White "BAGCHI, SOUNAK:Chesssaga"]
[Black "DIAZ CHARPENTIER, KRISTEL MELISSA:kris0428"]
[Result "0-1"]
[ICCResult "White resigns"]
[WhiteElo "1999"]
[BlackElo "2100"]
[Opening "Sicilian, Chekhover variation"]
[ECO "B53"]
[NIC "SI.02"]
[Time "17:46:32"]
[TimeControl "2400+10"]

1. e4 c5 2. Nf3 d6 3. d4 cxd4 4. Qxd4 Nc6 5. Bb5 Bd7 6. Qd3 Nf6 7. c4 g6 8.
Nc3 Bg7 9. h3 O-O 10. O-O Be6 11. Be3 Nd7 12. Bxc6 bxc6 13. Rac1 Qa5 14. b3
Nc5 15. Bxc5 Qxc5 16. Rfd1 Rad8 17. Na4 Qh5 18. Nd4 Bd7 19. Nc3 f5 20. Re1
e5 21. Nde2 Rf6 22. Rcd1 Rdf8 23. c5 f4 24. f3 g5 25. Kf1 g4 26. hxg4 Bxg4
27. Ng1 Qh1 28. cxd6 Rg6 29. Rd2 Bf6 30. Qc4+ Kh8 31. Qd3 Bh3 32. Ree2 Rfg8
33. Qc2 Bh4 34. d7 Be6 35. Na4 Rg3 36. Rf2 Bh3 37. Qb2 Bxg2+ 38. Ke2 Bf6 39.
d8=Q Bxd8 40. Qxe5+ R3g7 41. Rd1 Bh4 42. Rdf1 Bxf1+ 43. Rxf1 Qg2+
{White resigns}
0-1

[Event "ICC tourney 2569 (40 10)"]
[Site "Internet Chess Club"]
[Date "2021.05.16"]
[Round "4"]
[White "GAW, CHLOE:HarleyQueen8"]
[Black "ZENG, ELBERT:investigator"]
[Result "1/2-1/2"]
[ICCResult "Game drawn by repetition"]
[WhiteElo "1928"]
[BlackElo "2123"]
[Opening "King's Indian: Semi-Averbakh system"]
[ECO "E73"]
[NIC "KI.27"]
[Time "17:46:28"]
[TimeControl "2400+10"]

1. d4 Nf6 2. c4 g6 3. Nc3 Bg7 4. e4 d6 5. Be2 O-O 6. Be3 e5 7. d5 Na6 8. g4
Nc5 9. f3 a5 10. h4 h5 11. g5 Nfd7 12. Nh3 c6 13. dxc6 bxc6 14. Qxd6 Qb6 15.
Qd2 Qb4 16. Nf2 Ba6 17. O-O Bxc4 18. Bxc4 Qxc4 19. Rac1 Qb4 20. Nd3 Nxd3 21.
Qxd3 Nc5 22. Qe2 Ne6 23. Rfd1 Nd4 24. Qf2 Rfd8 25. Ne2 Rac8 26. b3 Qa3 27.
Nc3 Ne6 28. Qf1 Bf8 29. Rxd8 Rxd8 30. Rd1 Rxd1 31. Qxd1 Bc5 32. Qd2 Bd4 33.
Nd1 a4 34. b4 Kf8 35. Kf2 Ke7 36. Kg3 Bxe3 37. Nxe3 Nd4 38. Kf2 Ke6 39. Kg3
c5 40. bxc5 Qxc5 41. Qd3 Kd7 42. Qc4 Qxc4 43. Nxc4 Ke6 44. Nb6 Ne2+ 45. Kf2
Nc3 46. Ke3 f6 47. gxf6 Kxf6 48. Kd3 Nxa2 49. Nxa4 g5 50. hxg5+ Kxg5 51. Ke3
h4 52. Kf2 Nb4 53. Nc5 Nc6 54. Ne6+ Kf6 55. Nc5 Nd4 56. Nd3 Ne6 57. Nb4 Nf4
58. Nd5+ Kg5 59. Ne3 Nd3+ 60. Kg2 Nf4+ 61. Kf2 Nd3+ 62. Kg2 Ne1+ 63. Kf2
Nd3+ 64. Kg2 Kh5 65. Nd5 Kg5 66. Ne3 {Game drawn by repetition} 1/2-1/2

[Event "ICC tourney 2569 (40 10)"]
[Site "Internet Chess Club"]
[Date "2021.05.16"]
[Round "4"]
[White "REMPE, JONAS JAKOB RAZA:Drachekokosnuss"]
[Black "KUMAR, SRIRAM K:sirking2800"]
[Result "1-0"]
[ICCResult "Black resigns"]
[WhiteElo "2100"]
[BlackElo "1893"]
[Opening "Ruy Lopez: closed, Bogolyubov variation"]
[ECO "C91"]
[NIC "RL.20"]
[Time "17:46:33"]
[TimeControl "2400+10"]

1. e4 e5 2. Nf3 Nc6 3. Bb5 a6 4. Ba4 Nf6 5. O-O Be7 6. Re1 b5 7. Bb3 O-O 8.
d4 d6 9. c3 Bg4 10. Be3 Re8 11. Bc2 Bf8 12. Nbd2 Na5 13. d5 c5 14. Nf1 b4
15. h3 Bd7 16. Ng3 bxc3 17. bxc3 Nc4 18. Bc1 Rb8 19. Ba4 g6 20. Bxd7 Qxd7
21. Nd2 Nb2 22. Bxb2 Rxb2 23. Nc4 Rbb8 24. Na5 Kh8 25. Nc6 Rb7 26. Qa4 Ra8
27. Rab1 Ng8 28. Rb3 Ne7 29. Reb1 Rc7 30. Rb8 Rc8 31. R1b7 Qe8 32. Rxc8 Nxc8
33. Qa5 Ne7 34. Nxe7 Bxe7 35. Qc7 Bf8 36. Nf1 Kg8 37. Ne3 Rc8 38. Qa5 Rb8
39. Rxb8 Qxb8 40. Qxa6 Qb1+ 41. Kh2 Qxe4 42. Qc4 Qb1 43. a4 Qa1 44. Qb5 Qa2
45. Ng4 h5 46. Nf6+ Kg7 47. Ne4 Qxd5 48. f3 f5 49. Qd7+ Kh6 50. Nf6 Qd2 51.
Ng8+ Kg5 52. Qd8+ Kf4 53. Qh4+ Ke3 54. Qg5+ f4 55. Qxg6 Kf2 56. Nf6 Kf1 57.
Qb1+ Ke2 58. Ne4 Qe3 59. Qc2+ Ke1 60. Qb1+ Ke2 61. Qb2+ Ke1 62. Qf2+ Kd1 63.
Qf1+ Kc2 64. a5 Be7 65. a6 c4 66. Qf2+ Kd3 67. a7 Bh4 68. Qf1+ Kc2 69. a8=Q
Bg3+ 70. Nxg3 fxg3+ 71. Kh1 {Black resigns} 1-0

[Event "ICC tourney 2569 (40 10)"]
[Site "Internet Chess Club"]
[Date "2021.05.16"]
[Round "5"]
[White "Vittal, Sanjana:MCTS13"]
[Black "MARKOVIC, GORAN:Goran21"]
[Result "1-0"]
[ICCResult "Black resigns"]
[WhiteElo "2190"]
[BlackElo "1995"]
[Opening "Sicilian: closed"]
[ECO "B23"]
[NIC "SI.44"]
[Time "20:02:26"]
[TimeControl "2400+10"]

1. e4 c5 2. Nc3 d6 3. f4 g6 4. Nf3 Bg7 5. Bb5+ Nc6 6. Bxc6+ bxc6 7. d3 Ba6
8. O-O Nf6 9. Qe1 O-O 10. b3 Re8 11. Bb2 Rb8 12. Rb1 Qa5 13. e5 dxe5 14.
fxe5 Nh5 15. Qe4 Qc7 16. g4 f5 17. gxf5 Rb4 18. Qe3 gxf5 19. Kh1 Rg4 20. Rg1
Bc8 21. Ne2 Be6 22. c4 Qd7 23. Rbd1 f4 24. Qxc5 Rg2 25. Rxg2 {Black resigns}
1-0

[Event "ICC tourney 2569 (40 10)"]
[Site "Internet Chess Club"]
[Date "2021.05.16"]
[Round "5"]
[White "KUMAR, SRIRAM K:sirking2800"]
[Black "Santiago Gonzalez, Frida:fridanavys1"]
[Result "1-0"]
[ICCResult "Black resigns"]
[WhiteElo "1893"]
[BlackElo "1900"]
[Opening "Robatsch (modern) defense"]
[ECO "B06"]
[NIC "KF.05"]
[Time "20:02:12"]
[TimeControl "2400+10"]

1. e4 g6 2. d4 Bg7 3. Be3 d6 4. Nc3 Nf6 5. h3 O-O 6. Qd2 e5 7. d5 c6 8. dxc6
bxc6 9. Nf3 Re8 10. Bc4 Bb7 11. O-O-O Nxe4 12. Nxe4 d5 13. Nc5 Qc7 14. Bb3
Nd7 15. Nxd7 Qxd7 16. Bh6 a5 17. Bxg7 Kxg7 18. a4 d4 19. Rhe1 f6 20. Bc4 Qc7
21. h4 c5 22. h5 g5 23. Bb5 Re7 24. Nxg5 fxg5 25. Qxg5+ Kh8 26. Qf6+ Rg7 27.
h6 {Black resigns} 1-0